 Dungeon Crawl Stone Soup version 0.28-a0-769-g550dbda (webtiles) character file.

Game seed: 12483976718338553876

459 NeededCrab the Firebug (level 7, -4/68 HPs)
             Began as an Ogre Fire Elementalist on Oct 31, 2021.
             Engulfed by a cloud of freezing vapour (19 damage)
             ... on level 5 of the Dungeon.
             The game lasted 00:12:03 (5696 turns).

NeededCrab the Firebug (Ogre Fire Elementalist)     Turns: 5696, Time: 00:12:03

Health: -4/68      AC:  3    Str: 13    XL:     7   Next: 6%
Magic:  13/13      EV:  9    Int: 18    God:
Gold:   158        SH:  0    Dex:  9    Spells: 8/14 levels left

rFire   . . .      SeeInvis .   c - +1 whip (venom)
rCold   . . .      Faith    .   (no shield)
rNeg    . . .      Spirit   .   a - +0 robe
rPois   .          Reflect  .   (helmet restricted)
rElec   .          Harm     .   (no cloak)
rCorr   .          Rampage  .   (gloves unavailable)
Will    .....                   (boots unavailable)
Stlth   +.........              (no amulet)
HPRegen 0.21/turn               (no ring)
MPRegen 0.13/turn               (no ring)

@: no status effects
A: large, unfitting armour, tough skin 1
a: no special abilities


You were on level 5 of the Dungeon.
You visited 1 branch of the dungeon, and saw 7 of its levels.

You collected 158 gold pieces.

Inventory:

Hand Weapons
 c - a +1 whip of venom (weapon)
Missiles
 n - 2 datura-tipped darts
Armour
 a - a +0 robe (worn)
Scrolls
 b - a scroll of magic mapping {unknown}
 d - a scroll of fog
 e - a scroll of summoning
 g - a scroll of identify
 i - a scroll of noise
 j - a scroll of enchant weapon
 k - a scroll of teleportation
 l - a scroll of vulnerability {unknown}
 m - 3 scrolls of amnesia {unknown}
Potions
 f - a potion of heal wounds
 h - 2 potions of lignification {unknown}
 o - a potion of brilliance {unknown}


   Skills:
 + Level 3.9 Fighting
 - Level 1.7 Dodging
 - Level 1.4 Stealth
 + Level 4.2 Spellcasting
 + Level 2.8 Conjurations
 * Level 4.9 Fire Magic


You had 8 spell levels left.
You knew the following spells:

 Your Spells              Type           Power      Damage    Failure   Level
a - Foxfire               Conj/Fire      68%        2x1d7     3%          1
b - Scorch                Fire           42%        2d7       2%          2
c - Conjure Flame         Conj/Fire      17%        6-21      9%          3

Your spell library contained the following spells:

 Spells                   Type           Power      Damage    Failure   Level
 Magic Dart               Conj           52%        1d5       4%          1
 Searing Ray              Conj           26%        2d5       7%          2
 Freeze                   Ice            12%        1d4       14%         1
 Sandblast                Erth           6%         2d5       14%         1
 Inner Flame              Hex/Fire       12%        N/A       16%         3
 Passwall                 Tmut/Erth      2%         N/A       22%         2
 Stone Arrow              Conj/Erth      16%        3d8       24%         3
 Flame Wave               Conj/Fire      17%        3d5       28%         4
 Fulminant Prism          Conj/Hex       4%         3d6       63%         4
 Fireball                 Conj/Fire      8%         3d6       63%         5
 Iskenderun's Battlesphe  Conj           13%        2d7       77%         5
 Simulacrum               Ice/Necr       1%         N/A       100%        6


Dungeon Overview and Level Annotations

Branches:
Dungeon (7/15)
 Temple: D:4-7

Altars:
Zin


Innate Abilities, Weirdness & Mutations

You are too large for most types of armour.
You have tough skin. (AC +1)


Message History

Confirm with . or Enter, or press ? or * to list all spells.
You conjure some foxfire!
Casting: Foxfire (safe; 3% risk of failure)
Confirm with . or Enter, or press ? or * to list all spells.
You conjure some foxfire!
The foxfire hits the bullfrog zombie.
The bullfrog zombie is moderately damaged.
The foxfire hits the bullfrog zombie.
The bullfrog zombie is heavily damaged.
You hit the bullfrog zombie.
The bullfrog zombie is severely damaged.
The bullfrog zombie hits you.
You hit the bullfrog zombie.
The bullfrog zombie is almost destroyed.
The bullfrog zombie hits you.
The bullfrog zombie hits you but does no damage.
You closely miss the bullfrog zombie.
The bullfrog zombie is almost destroyed.
The bullfrog zombie hits you but does no damage.
Your magical contamination has completely faded away.
Casting: Foxfire (safe; 3% risk of failure)
Confirm with . or Enter, or press ? or * to list all spells.
Flames lash the bullfrog zombie.
You destroy the bullfrog zombie!
You have reached level 7!
Magic restored.
HP restored.
You now have 158 gold pieces (gained 8).
Found 2 boomerangs.
Found 20 gold pieces.
Found 22 stones.
You open the door.
Found a runed trident.
There is an open door here.
You are engulfed in freezing vapours.
Found a scroll labelled XECLIO YG GYUBU.
You are engulfed in freezing vapours.
* * * LOW HITPOINT WARNING * * *
You are engulfed in freezing vapours.
You die...

.#.## .#..# .##.##
.##..# .###.# .# #.#
.###.###################
.###'###################
.##...○○°°°°°°§§@§§§§§##
.####################.##
.##$)/((.§§§§§§°°°.°°°##
.#######################
.################.......
.# ....... .# . ...?...
.##########.... .......
...............


There were no monsters in sight!

Vanquished Creatures
  A centaur (D:4)
  A phantom (D:5)
  3 bullfrog zombies
  3 iguanas
  2 adders (D:3)
  A shadow imp (D:4)
  An ufetubus (D:5)
  An adder skeleton (D:5)
  A worm (D:4)
  2 dart slugs (D:3)
  9 bats
  4 endoplasms
  9 giant cockroaches
  10 hobgoblins
  7 jackals (D:4)
  8 kobolds
  4 quokkas
  8 ball pythons
  5 frilled lizards
  7 goblins
  6 rats
93 creatures vanquished.

Vanquished Creatures (others)
  254 foxfires
254 creatures vanquished.

Grand Total: 347 creatures vanquished

Notes
Turn   | Place    | Note
-------+----------+-------------------------------------------
     0 | D:1      | NeededCrab the Ogre Fire Elementalist began the quest for
                  | the Orb.
     0 | D:1      | Reached XP level 1. HP: 16/16 MP: 3/3
   148 | D:1      | Reached skill level 1 in Conjurations
   282 | D:1      | Found a faded altar of an unknown god.
   292 | D:1      | Reached XP level 2. HP: 26/26 MP: 1/5
   480 | D:1      | Reached skill level 1 in Fighting
   723 | D:1      | Learned a level 2 spell: Scorch
   946 | D:1      | Reached XP level 3. HP: 33/33 MP: 2/7
  1422 | D:2      | Learned a level 3 spell: Conjure Flame
  2678 | D:3      | Reached XP level 4. HP: 42/42 MP: 1/8
  3584 | D:3      | Found a glowing silver altar of Zin.
  3661 | D:4      | You fall into a shaft and drop 3 floors!
  3732 | D:6      | Reached XP level 5. HP: 37/50 MP: 0/10
  3836 | D:6      | Noticed a two-headed ogre
  3904 | D:5      | Entered Level 5 of the Dungeon
  3904 | D:5      | Noticed a black bear
  3904 | D:5      | Noticed a black bear
  3908 | D:4      | Identified a scroll of acquirement
  3909 | D:4      | Acquired the Compendium of the Eel
  3996 | D:4      | Noticed a centaur
  4002 | D:4      | Killed a centaur
  4003 | D:4      | Reached XP level 6. HP: 25/61 MP: 4/11
  5471 | D:5      | Reached XP level 7. HP: 33/68 MP: 2/13
  5696 | D:5      | Engulfed by a cloud of freezing vapour

Illustrated notes

Levels and vault maps discovered:
D:1:      minmay_arrival_nine_rooms, layout_basic,
          chequers_ecumenical_altar_simple, chequers_serial_rivers_micro_e,
          minmay_quantized
D:2:      layout_basic, minmay_small_reverse_x
D:3:      minmay_angry_zag, layout_loops_ring, zin_treasury
D:4:      layout_basic, nicolae_ossuary_entry_ruins,
          kennysheep_decorative_pillar
D:5:      lemuel_ice_spiral_2, layout_rooms, kennysheep_mini,
          minmay_temple_entry_stoned_glass
D:6:      kennysheep_six_static_rooms, layout_basic, general_overflow_altar,
          fedhas_altar_fruit_tree, grunt_temple_overflow_open,
          grunt_ministairs_3, chequers_serial_rivers_large_a,
          amcnicky_mini_rare_corridor_liquid, uniq_edmund, uniq_blork_the_orc,
          uniq_duvessa
D:7:      layout_gridville, led_sif_book

Skill      XL: |  1  2  3  4  5  6 |
---------------+-------------------+-----
Conjurations   | 1 2 |  2.8
Fire Magic     | 3 4 |  4.9
Fighting       | 1 2 3 |  3.9
Spellcasting   | 3 4 |  4.2
Dodging        | |  1.7
Stealth        | |  1.4

Action                   |  1- 3 |  4- 6 |  7- 9 || total
-------------------------+-------+-------+-------++-------
Melee: Unarmed           |    11 |       |       ||    11
       Whip              |     7 |    39 |       ||    46
 Cast: Foxfire           |    84 |    75 |       ||   159
       Scorch            |     7 |    32 |       ||    39
  Use: Scroll            |     1 |     7 |       ||     8
Armor: Robe              |    18 |    24 |       ||    42
Dodge: Dodged            |    19 |    34 |       ||    53

Table legend: (Time is in decaauts)
 A = Elapsed time spent in this place.
 B = Non-inter-level travel time spent in this place.
 C = Inter-level travel time spent in this place.
 D = Time resting spent in this place.
 E = Time spent auto-exploring this place.
 F = Levels seen in this place.
 G = Mean time per level.
                   A        B        C        D        E       F      G
               +--------+--------+--------+--------+--------+-----+--------+
         Total |   5712 |   5583 |    129 |    646 |   4137 |   7 |  816.0 |
       Dungeon |   5712 |   5583 |    129 |    646 |   4137 |   7 |  816.0 |
               +--------+--------+--------+--------+--------+-----+--------+

Top non-repeatable levels by time:
     D:1: 1417 daAuts
     D:4: 1296 daAuts
     D:3: 1248 daAuts
     D:2: 981 daAuts
     D:5: 522 daAuts
     D:7: 167 daAuts
     D:6: 78 daAuts
